 Dungeon Crawl Stone Soup version 0.29.0-11-gd7f09526c8 (webtiles) character file.

Game seed: 11822102780224074534

262 Arcadio the Trooper (level 5, -1/44 HPs)
             Began as a Palentonga Fighter on Sept 6, 2022.
             Splashed by a jelly's acid (9 damage)
             ... on level 4 of the Dungeon.
             The game lasted 00:02:32 (1528 turns).

Arcadio the Trooper (Palentonga Fighter)            Turns: 1528, Time: 00:02:33

Health: -1/44      AC:  6    Str: 24    XL:     5   Next: 97%
Magic:  5/5        EV:  7    Int:  8    God:
Gold:   66         SH:  4    Dex:  9    Spells: 4/4 levels left

rFire   . . .      SeeInvis +   a - +0 war axe
rCold   + + .      Faith    .   c - +0 buckler
rNeg    . . .      Spirit   .   b - +0 scale mail
rPois   .          Reflect  .   (no helmet)
rElec   .          Harm     .   (no cloak)
rCorr   .          Rampage  .   (no gloves)
Will    .....                   (no barding)
Stlth   ..........              e - amulet of the acrobat
HPRegen 0.14/turn               f - ring of protection from cold
MPRegen 0.09/turn               i - ring of protection from cold

@: mighty
A: large, rugged brown scales 3, see invisible, deformed body, roll 1, armoured
tail
a: Rolling Charge


You were on level 4 of the Dungeon.
You visited 1 branch of the dungeon, and saw 3 of its levels.

You collected 66 gold pieces.

Inventory:

Hand Weapons
 a - a +0 war axe (weapon)
Armour
 b - a +0 scale mail (worn)
 c - a +0 buckler (worn)
Jewellery
 e - an amulet of the acrobat (around neck)
 f - a ring of protection from cold (left hand)
 i - a ring of protection from cold (right hand)
Scrolls
 k - a scroll of immolation {unknown}
 m - a scroll of identify {unknown}
 n - 2 scrolls of teleportation {unknown}
Potions
 g - a potion of invisibility {unknown}
 h - a potion of flight {unknown}
 j - 2 potions of curing {unknown}
 l - a potion of attraction {unknown}


   Skills:
 + Level 4.2 Fighting
 + Level 3.5 Axes
 + Level 3.4 Armour
 + Level 3.8 Shields


You had 4 spell levels left.
You didn't know any spells.
Your spell library contained the following spells:

 Spells                   Type           Power      Damage    Failure   Level
 Dazzling Flash           Conj/Hex       0%         N/A       98%         3
 Iskenderun's Mystic Bla  Conj/Tloc      0%         2d3       100%        4
 Starburst                Conj/Fire      0%         6d3       100%        6


Dungeon Overview and Level Annotations

Branches:
Dungeon (2/15) Zot: 16436

Altars:

Annotations:
D:4 Eustachio


Innate Abilities, Weirdness & Mutations

You are completely covered in rugged brown scales. (AC +3, +7% HP)
You have supernaturally acute eyesight. (SInv)
Armour fits poorly on your strangely shaped body.
You can roll at nearby foes to attack.
You have a long armoured tail.


Message History

* * * LOW HITPOINT WARNING * * *
You closely miss the jackal. The jackal bites you.
* * * LOW HITPOINT WARNING * * *
The jackal bites you but does no damage.
You barely miss the jackal.
A jackal comes into view.
The jackal bites you but does no damage. x2
The jackal barks!
You slash the jackal!
You kill the jackal!
You barely miss the jackal.
The jackal bites you but does no damage.
The jackal completely misses you.
You hit the jackal.
You kill the jackal!
A jelly comes into view.
You hit the jackal.
The jackal is severely wounded.
The jackal bites you but does no damage.
Eustachio the Magnificent comes into view.
He is wielding a +1 falchion of pain.
The jackal bites you.
* * * LOW HITPOINT WARNING * * *
You closely miss the jackal.
The jackal is severely wounded.
Eustachio shouts!
You block the jackal's attack.
The jackal bites you but does no damage.
You completely miss the jackal. You tail-slap the jackal.
You kill the jackal!
Eustachio screams, "This atrocity can only be purified with blood!"
Eustachio mumbles some strange words.
Eustachio blinks!
You see here a +3 ring mail.
You slash the jelly!
Your hands burn!
* * * LOW HITPOINT WARNING * * *
The jelly is almost dead.
The jelly hits you.
* * * LOW HITPOINT WARNING * * *
You are splashed with acid!
You die...

.#################
.................#
#####.###.########.#
.....# #.# ##.###
#.:###.# #.....
#.@....# #..###
###.###J##.### #..#
.........#.# #..###
..#.###[.#†# ......
##@.#.#####. ###.###
#...........# #.#
......†.(...######
#.# ............#
#.###
..@...........#
#....


You could see Eustachio and a jelly.

Vanquished Creatures
  Grinder (D:4)
  An adder (D:2)
  A gnoll (D:1)
  3 dart slugs
  6 bats
  3 endoplasms
  4 giant cockroaches
  2 goblins
  4 hobgoblins
  4 jackals (D:4)
  4 quokkas
  2 kobolds (D:1)
  2 rats
37 creatures vanquished.

Notes
Turn   | Place    | Note
-------+----------+-------------------------------------------
     0 | D:1      | Arcadio the Palentonga Fighter began the quest for the Orb.
     0 | D:1      | Reached XP level 1. HP: 19/19 MP: 1/1
   413 | D:1      | Reached XP level 2. HP: 23/25 MP: 2/2
   518 | D:1      | Found a faded altar of an unknown god.
   907 | D:1      | Reached XP level 3. HP: 27/31 MP: 3/3
  1312 | D:2      | You fall into a shaft and drop 2 floors!
  1495 | D:4      | Noticed Grinder
  1506 | D:4      | Killed Grinder
  1507 | D:4      | Reached skill level 4 in Fighting
  1507 | D:4      | Reached XP level 4. HP: 11/39 MP: 4/4
  1507 | D:4      | Reached XP level 5. HP: 12/44 MP: 5/5
  1519 | D:4      | Noticed Eustachio
  1528 | D:4      | Splashed by a jelly's acid

Illustrated notes

Levels and vault maps discovered:
D:1:      lightli_arrival_windingriver, layout_basic, basic_ecumenical_altar
D:2:      layout_rooms, serial_bayou_pond_e, hangedman_abyss_or_decor_stabs
D:4:      layout_loops_ring, led_xom_imps, minitemple, uniq_eustachio,
          uniq_grinder

Skill      XL: |  1  2  3 |
---------------+----------+-----
Shields        | 3 |  3.8
Fighting       | 4 |  4.2
Axes           | 3 |  3.5
Armour         | 3 |  3.4

Action                   |  1- 3 |  4- 6 || total
-------------------------+-------+-------++-------
Melee: War axe           |    77 |     9 ||    86
       Tailslap          |     6 |     1 ||     7
 Abil: Rolling Charge    |     5 |       ||     5
  Use: Potion            |     1 |       ||     1
Armor: Scale mail        |    35 |     6 ||    41
Dodge: Dodged            |    37 |     1 ||    38
Block: Buckler           |    18 |     1 ||    19
